 Dungeon Crawl Stone Soup version 0.29.0-5-ge4962eb29e (webtiles) character file.

Game seed: 18358663992647261691

23 Flugkiller the Trooper (level 2, -2/27 HPs)
             Began as a Minotaur Fighter on Aug 29, 2022.
             Slain by Sigmund
             ... wielding a +0 scythe
              (10 damage)
             ... on level 2 of the Dungeon.
             The game lasted 00:00:21 (849 turns).

Flugkiller the Trooper (Minotaur Fighter)            Turns: 849, Time: 00:00:22

Health: -2/27      AC:  7    Str: 20    XL:     2   Next: 72%
Magic:  1/1        EV:  9    Int:  5    God:
Gold:   30         SH:  4    Dex:  9    Spells: 1/1 levels left

rFire   . . .      SeeInvis .   a - +0 war axe
rCold   . . .      Faith    .   c - +0 buckler
rNeg    . . .      Spirit   .   b - +0 scale mail
rPois   .          Reflect  .   (helmet restricted)
rElec   .          Harm     .   (no cloak)
rCorr   .          Rampage  .   (no gloves)
Will    .....                   (no boots)
Stlth   ..........              (no amulet)
HPRegen 0.09/turn               (no ring)
MPRegen 0.07/turn               (no ring)

@: no status effects
A: horns 2, retaliatory headbutt
a: no special abilities


You were on level 2 of the Dungeon.
You visited 1 branch of the dungeon, and saw 2 of its levels.

You collected 30 gold pieces.

Inventory:

Hand Weapons
 a - a +0 war axe (weapon)
Armour
 b - a +0 scale mail (worn)
 c - a +0 buckler (worn)
Scrolls
 e - a scroll of blinking {unknown}
 h - a scroll of immolation {unknown}
 j - a scroll of teleportation {unknown}
 k - a scroll of enchant weapon {unknown}
Potions
 d - a potion of might
 f - 2 potions of resistance {unknown}
 g - 3 potions of mutation {unknown}
 i - 2 potions of curing {unknown}
 l - a potion of degeneration {unknown}


   Skills:
 + Level 4.0 Fighting
 * Level 3.3 Axes
 + Level 3.9 Armour
 - Level 3.6 Shields


You had one spell level left.
You didn't know any spells.
Your spell library was empty.

Dungeon Overview and Level Annotations

Branches:
Dungeon (1/15)

Altars:

Annotations:
D:2 Sigmund


Innate Abilities, Weirdness & Mutations

You have a pair of horns on your head.
You reflexively headbutt those who attack you in melee.


Message History

You kill the bat!
No target in view!
No target in view!
No target in view!
No target in view!
No target in view!
No target in view!
A ball python comes into view.
The ball python hisses angrily.
A ball python is nearby!
A ball python is nearby!
The ball python bites you but does no damage.
The ball python grabs you. The ball python constricts you.
You hit the ball python but do no damage.
The ball python bites you but does no damage.
The ball python constricts you.
The ball python bites you but does no damage.
The ball python constricts you.
You hit the ball python.
You kill the ball python!
No target in view!
No target in view!
No target in view!
No target in view!
No target in view!
No target in view!
k - a scroll labelled WUCAISIDAR You see here a +0 club.
You see here a +0 club.
You see here a book of the Hunter.
You open the door.
There is an open door here.
You open the door.
There is an open door here.
A bat comes into view.
A bat is nearby!
The bat hits you but does no damage.
You closely miss the bat. The bat barely misses you. The bat hits you. x2
You closely miss the bat. The bat hits you but does no damage.
You block the bat's attack. x2
A sourceless malevolence fills the Dungeon...
You fall into a shaft and drop 1 floor!
The shaft crumbles and collapses.
Found a glowing red potion.
HP restored.
Found a stone staircase leading down.
No target in view!
No target in view!
No target in view!
No target in view!
No target in view!
A frilled lizard comes into view.
A frilled lizard is nearby!
A frilled lizard is nearby!
The frilled lizard barely misses you.
You closely miss the frilled lizard.
Your headbutt misses the frilled lizard.
The frilled lizard bites you.
You completely miss the frilled lizard. You headbutt the frilled lizard.
You kill the frilled lizard!
No target in view!
No target in view!
No target in view!
No target in view!
No target in view!
No target in view!
You now have 30 gold pieces (gained 9).
l - a bubbling sapphire potion Sigmund the Dreaded comes into view.
He is wielding a +0 scythe.
Sigmund shouts!
Sigmund is nearby!
Sigmund is nearby!
Sigmund points at you and mumbles some strange words.
The magic dart hits you! Sigmund completely misses you.
Sigmund gestures at you while chanting.
You are confused.
You are too confused!
You are too confused!
You are too confused!
Sigmund closely misses you.
Unknown command.
You are too confused!
You are too confused!
You bump into the rock wall.
You are too confused!
Sigmund hits you but does no damage.
You are too confused!
Sigmund hits you with a +0 scythe!
You are too injured to fight recklessly!
You are too injured to fight recklessly!
You closely miss Sigmund. Sigmund hits you with a +0 scythe.
* * * LOW HITPOINT WARNING * * *
You are too injured to fight recklessly!
You hit Sigmund. You headbutt Sigmund, but do no damage.
Sigmund is lightly wounded.
You feel less confused. Sigmund hits you with a +0 scythe!
You die...

#### #####..
...#.# #.#.##
#....#######
#@@.........
#....####
#####.#.##
........#
#.......#
#.#.#.#.#####
.............#
.#.#.#.#.###.##..
........###.##.#


You could see Sigmund.

Vanquished Creatures
  4 bats (D:1)
  2 endoplasms (D:1)
  A goblin (D:1)
  2 hobgoblins (D:1)
  3 kobolds (D:1)
  4 ball pythons (D:1)
  3 frilled lizards
  3 rats (D:1)
22 creatures vanquished.

Notes
Turn   | Place    | Note
-------+----------+-------------------------------------------
     0 | D:1      | Flugkiller the Minotaur Fighter began the quest for the
                  | Orb.
     0 | D:1      | Reached XP level 1. HP: 19/19 MP: 0/0
     2 | D:1      | Noticed a troll
     2 | D:1      | Noticed a gargoyle
     4 | D:1      | Noticed a palentonga
     4 | D:1      | Noticed a minotaur
     6 | D:1      | Noticed a vine stalker
     8 | D:1      | Noticed a merfolk
     8 | D:1      | Noticed a demonspawn
    10 | D:1      | Noticed a meteoran
    10 | D:1      | Noticed a naga
    14 | D:1      | Noticed a draconian
    14 | D:1      | Noticed a human
    16 | D:1      | Noticed a felid
    16 | D:1      | Noticed an octopode
    18 | D:1      | Noticed a ghoul
    18 | D:1      | Noticed a tengu
    21 | D:1      | Noticed a demigod
    21 | D:1      | Noticed an ogre
    23 | D:1      | Noticed an elf
    23 | D:1      | Noticed a formicid
    25 | D:1      | Noticed an octopode
    25 | D:1      | Noticed a spriggan
    27 | D:1      | Noticed a troll
    27 | D:1      | Noticed a vine stalker
   335 | D:1      | Reached XP level 2. HP: 26/27 MP: 1/1
   549 | D:1      | Reached skill level 4 in Fighting
   735 | D:1      | You fall into a shaft and drop 1 floor!
   839 | D:2      | Noticed Sigmund
   849 | D:2      | Slain by Sigmund

Illustrated notes

Levels and vault maps discovered:
D:1:      kb_arrival_jail, layout_loops_corners, st_stairs_9
D:2:      minmay_chambers_of_twos, layout_loops_ring, serial_glass,
          glass_columns_b, glass_columns_c, item_on_display_a, feat_on_display,
          kennysheep_generic_room_5, uniq_sigmund

Skill      XL: |  1  2 |
---------------+-------+-----
Axes           | 3 |  3.3
Fighting       | 4 |  4.0
Armour         | |  3.9
Shields        | |  3.6

Action                   || total
-------------------------++-------
Melee: War axe           ||    53
       Headbutt          ||     4
Armor: Scale mail        ||    40
Dodge: Dodged            ||    32
Block: Buckler           ||    18
